[Event "Early-Titled-Tuesday-Blitz-July-09-2024"]
[Site "Chess.com"]
[Date "2024.07.09"]
[Round "4"]
[White "subham777"]
[Black "Makswolf200817"]
[Result "0-1"]
[WhiteElo "2550"]
[BlackElo "2765"]
[TimeControl "180+1"]
[EndTime "8:35:14 PDT"]
[Termination "Makswolf200817 won by resignation"]

1. e4 c5 2. Nf3 d6 3. d4 cxd4 4. Qxd4 Nc6 5. Bb5 Bd7 6. Bxc6 Bxc6 7. c4 f5 8. Nc3 Nf6 9. Qd3 fxe4 10. Qe2 exf3 11.
gxf3 e5 12. Bg5 Be7 13. O-O-O Nh5 14. Be3 O-O 15. f4 Nxf4 16. Bxf4 Rxf4 17. Rhg1 Bf3 18. Qd2 Rd4 19. Qe3 Bxd1 20. Nxd1 Rxc4+ 21. Kb1 Rac8 22. Nc3 Rxc3 23. bxc3 Qb6+ 0-1

[Event "Early-Titled-Tuesday-Blitz-July-09-2024"]
[Site "Chess.com"]
[Date "2024.07.09"]
[Round "4"]
[White "invisible_s0ul"]
[Black "Pavlov_Sergey"]
[Result "0-1"]
[WhiteElo "2382"]
[BlackElo "2666"]
[TimeControl "180+1"]
[EndTime "8:35:25 PDT"]
[Termination "Pavlov_Sergey won by resignation"]

1. e4 Nf6 2. e5 Nd5 3. d4 d6 4. c4 Nb6 5. exd6 exd6 6. Nc3 Nc6 7. Be3 Be7 8. Be2 O-O 9. Nf3 Bg4 10. d5 Bxf3 11. gxf3 Ne5 12. b3 Re8 13. Rg1 Bh4 14. Ne4 f5 15. Bg5 Nxf3+ 16. Bxf3 Bxg5 0-1

[Event "Early-Titled-Tuesday-Blitz-July-09-2024"]
[Site "Chess.com"]
[Date "2024.07.09"]
[Round "4"]
[White "SHIVACalypso"]
[Black "santig8"]
[Result "1-0"]
[WhiteElo "2504"]
[BlackElo "2286"]
[TimeControl "180+1"]
[EndTime "8:35:29 PDT"]
[Termination "SHIVACalypso won by resignation"]

1. Nf3 Nf6 2. c4 d6 3. g3 e5 4. Nc3 g6 5. d3 Bg7 6. Bg2 O-O 7.
O-O c6 8. Rb1 Bf5 9. b4 e4 10.
Nh4 exd3 11. Nxf5 dxe2 12. Nxe2 gxf5 13. Nd4 Qd7 14. Bh3 Na6 15. Nxf5 Qc7 16. Nxg7 Kxg7 17. Bb2 Qe7 18. Qg4+ Kh8 19. Qg5 1-0

[Event "Early-Titled-Tuesday-Blitz-July-09-2024"]
[Site "Chess.com"]
[Date "2024.07.09"]
[Round "4"]
[White "LileKoridze"]
[Black "Mysterio47"]
[Result "0-1"]
[WhiteElo "2425"]
[BlackElo "2747"]
[TimeControl "180+1"]
[EndTime "8:35:35 PDT"]
[Termination "Mysterio47 won by resignation"]

1. d4 d6 2. Nf3 Nf6 3. c4 g6 4. Nc3 Bg7 5. e4 O-O 6. Be2 e5 7. d5 Nbd7 8. O-O Nc5 9. Nd2 a5 10. h3 Bh6 11. Qc2 Nfd7 12. b3 f5 13. exf5 gxf5 14.
Bb2 Nf6 15. Nf3 Rf7 16. a3 Rg7 17. b4 Nce4 18. Nxe4 fxe4 19. Ne1 Bxh3 20. Kh1 Qd7 21. Bc1 Bxg2+ 22. Nxg2 Qh3+ 0-1

[Event "Early-Titled-Tuesday-Blitz-July-09-2024"]
[Site "Chess.com"]
[Date "2024.07.09"]
[Round "4"]
[White "Lupul_Cenusiu"]
[Black "banjadvorovi"]
[Result "0-1"]
[WhiteElo "2694"]
[BlackElo "2438"]
[TimeControl "180+1"]
[EndTime "8:35:40 PDT"]
[Termination "banjadvorovi won by resignation"]

1. e4 Nf6 2. e5 Ng8 3. d4 d6 4.
Nf3 Nc6 5. Bc4 dxe5 6. dxe5 Qxd1+ 7. Kxd1 Bg4 8. Bf4 O-O-O+ 9. Kc1 Bxf3 10. gxf3 e6 11.
Rd1 Rxd1+ 12. Kxd1 Bc5 13. Be3 Bxe3 14. fxe3 Nxe5 15. Be2 Nf6 16. Nd2 Rd8 17. c3 Nd5 18. e4 Nf4 19. Bf1 Nxf3 0-1

[Event "Early-Titled-Tuesday-Blitz-July-09-2024"]
[Site "Chess.com"]
[Date "2024.07.09"]
[Round "4"]
[White "Renatoforf"]
[Black "ThetNaung291"]
[Result "0-1"]
[WhiteElo "2128"]
[BlackElo "2448"]
[TimeControl "180+1"]
[EndTime "8:35:42 PDT"]
[Termination "ThetNaung291 won by resignation"]

1. e4 c5 2. d4 cxd4 3. c3 d3 4. Bxd3 Nc6 5. c4 d6 6. Nf3 g6 7. O-O Bg7 8. Nc3 Nf6 9. h3 O-O 10. Be3 b6 11. Nd4 Bb7 12. Qd2 Re8 13. f3 Rc8 14. Rfd1 Ne5 15. b3 Nxd3 16. Qxd3 Qc7 17. Rac1 Qb8 18. Nd5 Nd7 19. Kh1 Nc5 20. Qd2 e6 21.
Nc3 a6 22. Nde2 Red8 23. Bf4 e5 24. Be3 Bc6 25. Nd4 exd4 0-1

[Event "Early-Titled-Tuesday-Blitz-July-09-2024"]
[Site "Chess.com"]
[Date "2024.07.09"]
[Round "4"]
[White "campochess"]
[Black "amylazy"]
[Result "0-1"]
[WhiteElo "2254"]
[BlackElo "2489"]
[TimeControl "180+1"]
[EndTime "8:35:44 PDT"]
[Termination "amylazy won by resignation"]

1. f4 d5 2. Nf3 Nc6 3. b3 Bf5 4. Bb2 e6 5. e3 Nf6 6. Be2 Be7 7. O-O O-O 8. Nc3 h6 9. a3 d4 10.
exd4 Nxd4 11. Bd3 Bxd3 12. cxd3 c5 13. Ne5 Rc8 14. Rc1 Qb6 15. Kh1 Qxb3 16. Qxb3 Nxb3 17.
Rc2 Rfd8 18. Ne4 Nxe4 19. dxe4 Rxd2 20. Rxd2 Nxd2 21. Re1 c4 22. Bc3 Nb3 23. h3 Bxa3 24.
Rd1 Nc5 25. Nd7 Nxe4 26. Be5 Nf2+ 0-1

[Event "Early-Titled-Tuesday-Blitz-July-09-2024"]
[Site "Chess.com"]
[Date "2024.07.09"]
[Round "4"]
[White "MrEscacs"]
[Black "GrumbleBruno"]
[Result "0-1"]
[WhiteElo "2194"]
[BlackElo "2478"]
[TimeControl "180+1"]
[EndTime "8:35:45 PDT"]
[Termination "GrumbleBruno won by resignation"]

1. e4 e5 2. Nf3 d5 3. exd5 e4 4. Qe2 Nf6 5. d3 Bb4+ 6. Bd2 O-O 7. Bxb4 Re8 8. Kd2 Nxd5 9. Bc3 exf3 10. Qxf3 Qg5+ 0-1

[Event "Early-Titled-Tuesday-Blitz-July-09-2024"]
[Site "Chess.com"]
[Date "2024.07.09"]
[Round "4"]
[White "GM-2023"]
[Black "HypeMan111"]
[Result "0-1"]
[WhiteElo "1798"]
[BlackElo "2288"]
[TimeControl "180+1"]
[EndTime "8:35:46 PDT"]
[Termination "HypeMan111 won by checkmate"]

1. e4 c5 2. Nf3 d6 3. Bb5+ Nd7 4. Bxd7+ Bxd7 5. d4 cxd4 6. Nxd4 Nf6 7. Nf3 Nxe4 8.
Qe2 Nf6 9. Nc3 e6 10. Be3 Be7 11. O-O O-O 12. Nd2 e5 13. Nde4 Nxe4 14. Nxe4 f5 15.
Nd2 Be6 16. f4 Qc7 17. Rac1 Bf6 18. fxe5 dxe5 19. c3 Rad8 20. c4 a6 21. b3 e4 22.
Bf4 Qb6+ 23. Be3 Bd4 24. Bxd4 Qxd4+ 25. Rf2 e3 26. Nf3 exf2+ 27. Kf1 Qd3 28. Qxd3 Rxd3 29. Ne5 Rd2 30. g3 Rfd8 31. Kg2 Rd1 32. Rc3 f1=Q# 0-1

[Event "Early-Titled-Tuesday-Blitz-July-09-2024"]
[Site "Chess.com"]
[Date "2024.07.09"]
[Round "4"]
[White "rasmussvane"]
[Black "Kildepiotr"]
[Result "1-0"]
[WhiteElo "2913"]
[BlackElo "2688"]
[TimeControl "180+1"]
[EndTime "8:35:51 PDT"]
[Termination "rasmussvane won by resignation"]

1. Nf3 d5 2. g3 c6 3. Bg2 Bg4 4. O-O Nd7 5. h3 Bh5 6. d4 e6 7. c4 Bd6 8. Qb3 Rb8 9. Nc3 Ngf6 10. g4 Bg6 11. Re1 h5 12. g5 Ne4 13. Nh4 Nxg5 14.
Nxg6 fxg6 15. e4 Nxe4 16. Nxe4 dxe4 17. c5 Be7 18. Qxe6 Nf6 19. Bxe4 Nxe4 20. Rxe4 Kf8 21. Bf4 Rc8 22. Rae1 1-0

[Event "Early-Titled-Tuesday-Blitz-July-09-2024"]
[Site "Chess.com"]
[Date "2024.07.09"]
[Round "4"]
[White "masterofpuppets2"]
[Black "esrosenberg"]
[Result "1-0"]
[WhiteElo "2468"]
[BlackElo "2316"]
[TimeControl "180+1"]
[EndTime "8:35:58 PDT"]
[Termination "masterofpuppets2 won by resignation"]

1. d4 d5 2. c4 e6 3. Nf3 a6 4. c5 b6 5. cxb6 c5 6. g3 Nc6 7. Bg2 Qxb6 8. dxc5 Bxc5 9. O-O Nf6 10. Nc3 Be7 11. Na4 Qb5 12. b3 O-O 13. Bb2 a5 14. Rc1 Ba6 15. Re1 Nb4 16. Nd4 1-0

[Event "Early-Titled-Tuesday-Blitz-July-09-2024"]
[Site "Chess.com"]
[Date "2024.07.09"]
[Round "4"]
[White "kleinebeer98"]
[Black "atbenina64"]
[Result "0-1"]
[WhiteElo "2935"]
[BlackElo "2804"]
[TimeControl "180+1"]
[EndTime "8:36:06 PDT"]
[Termination "atbenina64 won by resignation"]

1. e4 c5 2. Nf3 d6 3. Nc3 a6 4. d4 cxd4 5. Nxd4 Nf6 6. a3 g6 7. h3 Bg7 8. Bc4 O-O 9. O-O Nc6 10. Nf3 b5 11. Ba2 Bb7 12. Qe2 Rc8 13. Bg5 h6 14. Bh4 Nh5 15. Rad1 Bxc3 16. bxc3 Qa5 17. e5 Nf4 18.
Qe4 dxe5 19. Nxe5 Nxe5 20. Qxb7 Ne2+ 21. Kh1 Nxc3 22. Rde1 Rc7 23. Bxf7+ Kxf7 0-1

[Event "Early-Titled-Tuesday-Blitz-July-09-2024"]
[Site "Chess.com"]
[Date "2024.07.09"]
[Round "4"]
[White "ACollins05"]
[Black "FM_Kappeler"]
[Result "1-0"]
[WhiteElo "2495"]
[BlackElo "2276"]
[TimeControl "180+1"]
[EndTime "8:36:10 PDT"]
[Termination "ACollins05 won by resignation"]

1. Nf3 Nf6 2. e3 g6 3. b3 Bg7 4. Bb2 O-O 5. d4 d6 6. c4 b6 7. Nc3 Bb7 8. Be2 Nbd7 9. O-O Ne4 10. Rc1 Nxc3 11. Bxc3 e6 12. b4 c5 13. dxc5 Bxc3 14. Rxc3 dxc5 15. Rd3 cxb4 16. Rxd7 Qc8 17. Qd6 Be4 18.
Rd1 Bc2 19. Rd2 b3 20. axb3 Bxb3 21. Ne5 Ba4 22. Rc7 Qb8 23. Bf3 1-0

[Event "Early-Titled-Tuesday-Blitz-July-09-2024"]
[Site "Chess.com"]
[Date "2024.07.09"]
[Round "4"]
[White "chess_peak"]
[Black "woodpusher52"]
[Result "0-1"]
[WhiteElo "2536"]
[BlackElo "2757"]
[TimeControl "180+1"]
[EndTime "8:36:12 PDT"]
[Termination "woodpusher52 won by resignation"]

1. d4 Nf6 2. c4 b6 3. f3 e5 4. e4 exd4 5. Qxd4 Nc6 6. Qd2 Bb4 7. Nc3 O-O 8. a3 Bc5 9. b4 Bd4 10. Bb2 Re8 11. Nge2 Be5 12. g3 d6 13. Bg2 Be6 14. Nd5 Bxb2 15. Qxb2 Ne5 16. Rc1 Nd3+ 0-1

[Event "Early-Titled-Tuesday-Blitz-July-09-2024"]
[Site "Chess.com"]
[Date "2024.07.09"]
[Round "4"]
[White "jaskol95"]
[Black "kadirsoria"]
[Result "1-0"]
[WhiteElo "2641"]
[BlackElo "2240"]
[TimeControl "180+1"]
[EndTime "8:36:21 PDT"]
[Termination "jaskol95 won by resignation"]

1. d4 Nf6 2. Nc3 d5 3. Bf4 c6 4. e3 g6 5. h4 Bg7 6. Bd3 h5 7.
Nf3 Bg4 8. Qd2 Bxf3 9. gxf3 Nbd7 10. O-O-O Qa5 11. Kb1 O-O-O 12. Nb5 Qb6 13. Bc7 Qa6 14.
Bxd8 Kxd8 15. Nd6 1-0

[Event "Early-Titled-Tuesday-Blitz-July-09-2024"]
[Site "Chess.com"]
[Date "2024.07.09"]
[Round "4"]
[White "GM_Huschenbeth"]
[Black "mouseslips_are_the_best"]
[Result "1-0"]
[WhiteElo "2517"]
[BlackElo "2320"]
[TimeControl "180+1"]
[EndTime "8:36:27 PDT"]
[Termination "GM_Huschenbeth won by resignation"]

1. e4 e6 2. d4 d5 3. Nc3 Nf6 4. Bg5 dxe4 5. Nxe4 Nbd7 6. Nf3 h6 7. Nxf6+ Nxf6 8. Be3 Be7 9. Bd3 O-O 10. Qe2 b6 11. O-O-O Bb7 12. Kb1 Bd6 13. Ne5 Nd5 14. Bc1 Qf6 15.
Nd7 Qh4 16. g3 Qe7 17. Nxf8 Rxf8 18. Be4 Ba3 19. c4 Ba6 20. Bd3 1-0

[Event "Early-Titled-Tuesday-Blitz-July-09-2024"]
[Site "Chess.com"]
[Date "2024.07.09"]
[Round "4"]
[White "FREDERICKtheMATE"]
[Black "EsmeraldasAnderson03"]
[Result "1-0"]
[WhiteElo "2744"]
[BlackElo "2533"]
[TimeControl "180+1"]
[EndTime "8:36:34 PDT"]
[Termination "FREDERICKtheMATE won by resignation"]

1. e4 c5 2. Nf3 d6 3. c3 Nf6 4. h3 Nc6 5. Bd3 e6 6. Bc2 Bd7 7. O-O Be7 8. d4 cxd4 9. cxd4 Nb4 10. Nc3 Nxc2 11. Qxc2 O-O 12. Bg5 Bc6 13. Rad1 d5 14.
Bxf6 Bxf6 15. e5 Be7 16. g3 Rc8 17. Qe2 a6 18. a3 b5 19. b4 a5 20. Nxb5 axb4 21.
axb4 Bxb4 22. Na7 Rc7 23. Nxc6 Rxc6 24. h4 Qe7 25. Kg2 Rfc8 26. Rb1 h6 27. Qb5 Bc3 28. Rb3 Bb4 29. Qxb4 1-0

[Event "Early-Titled-Tuesday-Blitz-July-09-2024"]
[Site "Chess.com"]
[Date "2024.07.09"]
[Round "4"]
[White "hakanazeri2"]
[Black "baki83"]
[Result "1-0"]
[WhiteElo "2638"]
[BlackElo "2801"]
[TimeControl "180+1"]
[EndTime "8:36:40 PDT"]
[Termination "hakanazeri2 won by resignation"]

1. Nf3 d5 2. d4 Nf6 3. c4 e6 4. g3 a6 5. Bg2 dxc4 6. Ne5 c5 7. dxc5 Qxd1+ 8. Kxd1 Bxc5 9. Nd2 Bxf2 10. Ndxc4 Bc5 11.
Nd3 Nbd7 12. Nxc5 Nxc5 13. Nb6 Rb8 14. Bf4 Ncd7 15. Nxd7 Nxd7 16. Bxb8 Nxb8 17. Rc1 Kd7 18. Rf1 f6 19. Rf3 Nc6 20. Rfc3 Ne7 21. Rd3+ Ke8 22.
Rc7 Kf7 23. Bxb7 Bxb7 24. Rxb7 Re8 25. Rbd7 f5 26. Rd8 1-0

[Event "Early-Titled-Tuesday-Blitz-July-09-2024"]
[Site "Chess.com"]
[Date "2024.07.09"]
[Round "4"]
[White "Aslanov_Umid"]
[Black "Vaporwaffle94"]
[Result "1-0"]
[WhiteElo "2639"]
[BlackElo "2223"]
[TimeControl "180+1"]
[EndTime "8:36:45 PDT"]
[Termination "Aslanov_Umid won by resignation"]

1. e4 e5 2. Nf3 Nc6 3. Bc4 Nf6 4. d3 d5 5. exd5 Nxd5 6. O-O Nb6 7. Bb3 Be7 8. h3 O-O 9. Re1 Bd6 10. Bg5 Qd7 11. c3 Qf5 12. Bc2 Qg6 13. d4 Bf5 14. Bxf5 Qxf5 15. dxe5 Nxe5 16. Nxe5 Bxe5 17. Qg4 Qxg4 18. hxg4 f6 19. Nd2 Rad8 20. Nf3 Bd6 21. Bh4 Nc4 22. b3 Ne5 23. Nd4 Nxg4 24. Ne6 Be5 25. Nxd8 Rxd8 26. Rad1 Rxd1 27. Rxd1 Bxc3 28. Rd8+ Kf7 29. Rd7+ Kg6 30. Rxc7 Bd4 31. Rxb7 Ne5 32. Bg3 Ng4 33. Rb4 1-0

[Event "Early-Titled-Tuesday-Blitz-July-09-2024"]
[Site "Chess.com"]
[Date "2024.07.09"]
[Round "4"]
[White "ViktoriyaTarasova"]
[Black "AGW2016"]
[Result "0-1"]
[WhiteElo "2373"]
[BlackElo "2579"]
[TimeControl "180+1"]
[EndTime "8:36:52 PDT"]
[Termination "AGW2016 won by resignation"]

1. d4 d5 2. c4 e6 3. Nc3 Nf6 4. cxd5 exd5 5. Bg5 c6 6. Qc2 h6 7. Bh4 Be6 8. e3 Nbd7 9. Bd3 g5 10. Bg3 Nh5 11. Nge2 Nxg3 12. Nxg3 Qc7 13. Nf5 h5 14. O-O-O O-O-O 15. Kb1 Kb8 16. f3 h4 17. h3 Nf6 18.
Na4 Nh5 19. Rhe1 Ng3 20. Nxg3 Qxg3 21. Re2 Be7 22. Nc5 Bc8 23. Ka1 Rhe8 24. b4 Bf6 25.
Rb1 Rxe3 26. Rxe3 Bxd4+ 27. Rb2 Bxe3 28. Nb3 Bf4 0-1

[Event "Early-Titled-Tuesday-Blitz-July-09-2024"]
[Site "Chess.com"]
[Date "2024.07.09"]
[Round "4"]
[White "Caleb_Klenoff"]
[Black "Stanbad1"]
[Result "0-1"]
[WhiteElo "2383"]
[BlackElo "2596"]
[TimeControl "180+1"]
[EndTime "8:36:57 PDT"]
[Termination "Stanbad1 won by resignation"]

1. e4 e6 2. d4 d5 3. e5 c5 4. c3 Nc6 5. Nf3 Bd7 6. Bd3 cxd4 7.
cxd4 Qb6 8. O-O Nxd4 9. Nbd2 Nxf3+ 10. Nxf3 Bb5 11. Be3 Qa6 12. Bxb5+ Qxb5 13. Nd4 Qd7 14. Qd3 Ne7 15. Rfc1 Nc6 16. Nxc6 bxc6 17. Qa6 Rc8 18.
Qxa7 Qxa7 19. Bxa7 c5 20. a4 Kd7 21. b4 cxb4 22.
Rxc8 Kxc8 23. f4 Kb7 24. Bd4 Be7 25. Rc1 Ra8 26. Ra1 Rc8 27. a5 Ka6 28. Kf2 Rc4 29. Ke3 Bc5 30. Bxc5 Rxc5 31. Ra4 Rb5 32. Kd2 b3 33.
Kc1 Rxa5 34. Rb4 Ra2 35. Rxb3 Rxg2 36. Ra3+ Kb7 37. Rh3 h6 38. Kd1 Rf2 39. Rh4 Kc6 40. Ke1 Rg2 41. Kf1 Ra2 42. Rg4 g6 43. Rh4 h5 44. Rh3 d4 45. Rb3 Kd5 46. Rb7 Ke4 47. Rxf7 Kf3 48. Ke1 Ke3 49. Kd1 Ra1+ 50. Kc2 d3+ 51.
Kc3 Rc1+ 52. Kb2 d2 0-1

[Event "Early-Titled-Tuesday-Blitz-July-09-2024"]
[Site "Chess.com"]
[Date "2024.07.09"]
[Round "4"]
[White "JEHUBNER"]
[Black "Fh2411"]
[Result "0-1"]
[WhiteElo "2018"]
[BlackElo "2579"]
[TimeControl "180+1"]
[EndTime "8:36:57 PDT"]
[Termination "Fh2411 won by resignation"]

1. e4 c6 2. d4 d5 3. Nc3 dxe4 4.
Nxe4 Nf6 5. Nxf6+ exf6 6. Nf3 Bd6 7. Bd3 O-O 8. O-O Re8 9. Be3 Nd7 10. c3 Nf8 11. h3 Be6 12. Bc2 Qd7 13. Qd3 g6 14. Rfe1 Bxh3 15. gxh3 Qxh3 16. Bd2 Ne6 17. Ne5 Qh4 18. Re4 Qh5 19. Nf3 Ng5 20. Rae1 Nxf3+ 0-1

[Event "Early-Titled-Tuesday-Blitz-July-09-2024"]
[Site "Chess.com"]
[Date "2024.07.09"]
[Round "4"]
[White "Gnechko_Ruslan"]
[Black "rezamahdavi2008"]
[Result "0-1"]
[WhiteElo "2528"]
[BlackElo "2940"]
[TimeControl "180+1"]
[EndTime "8:36:58 PDT"]
[Termination "rezamahdavi2008 won by resignation"]

1. d4 Nf6 2. Nf3 e6 3. Bg5 h6 4.
Bh4 c5 5. c3 Be7 6. e3 b6 7. Nbd2 Bb7 8. Be2 O-O 9. O-O d6 10. a4 a6 11. Re1 Nbd7 12. Bf1 Rc8 13. Bd3 Rc7 14. Qe2 Qa8 15. e4 Re8 16. e5 dxe5 17.
dxe5 Nd5 18. Bxe7 Rxe7 19. g3 Nf8 20. Nc4 Nxc3 21. bxc3 Bxf3 22. Qe3 Nd7 23. Reb1 Qc6 24. Nd2 c4 25. Bxc4 Bd5 26. Bxa6 Qxc3 27. Qxc3 Rxc3 28. Bb5 Nxe5 29. Bf1 Rc2 30. Rd1 Rxd2 31. Rxd2 Nf3+ 0-1

[Event "Early-Titled-Tuesday-Blitz-July-09-2024"]
[Site "Chess.com"]
[Date "2024.07.09"]
[Round "4"]
[White "dropstoneDP"]
[Black "Feegus"]
[Result "1-0"]
[WhiteElo "3033"]
[BlackElo "2627"]
[TimeControl "180+1"]
[EndTime "8:37:11 PDT"]
[Termination "dropstoneDP won by resignation"]

1. e4 e5 2. Nf3 Nf6 3. d4 Nxe4 4.
dxe5 Bc5 5. Bc4 Nxf2 6. Bxf7+ Kxf7 7. Qd5+ Kg6 8. Qxc5 Nxh1 9. Nc3 h6 10. Qc4 Kh7 11. Nd5 Rf8 12. Qe4+ Kg8 13. Bxh6 gxh6 14. Qg6+ Kh8 15.
Qxh6+ Kg8 16. Qg6+ Kh8 17. Ng5 Rf1+ 18. Kxf1 Qf8+ 19.
Kg1 Qg7 20. Qe8+ Qg8 21. Qh5+ Kg7 22. Rf1 1-0

[Event "Early-Titled-Tuesday-Blitz-July-09-2024"]
[Site "Chess.com"]
[Date "2024.07.09"]
[Round "4"]
[White "chenrip"]
[Black "NowInChess"]
[Result "0-1"]
[WhiteElo "2417"]
[BlackElo "2206"]
[TimeControl "180+1"]
[EndTime "8:37:12 PDT"]
[Termination "NowInChess won by resignation"]

1. e4 e6 2. d4 d5 3. Nc3 Nc6 4. e5 f6 5. Nf3 fxe5 6. dxe5 Bd7 7.
Bd3 Nb4 8. O-O Nxd3 9. Qxd3 Ne7 10. Bg5 h6 11. Bh4 g5 12. Bg3 Bg7 13. Nd4 a6 14. f4 c5 15. Nxe6 Bxe6 16. f5 c4 17. Qe2 Nxf5 18. Rxf5 Bxf5 19. e6 Qb6+ 20. Kh1 Qxe6 21.
Qf3 Bxc3 22. Qxc3 O-O 0-1

[Event "Early-Titled-Tuesday-Blitz-July-09-2024"]
[Site "Chess.com"]
[Date "2024.07.09"]
[Round "4"]
[White "2400FM"]
[Black "sanbruh"]
[Result "0-1"]
[WhiteElo "2051"]
[BlackElo "2372"]
[TimeControl "180+1"]
[EndTime "8:37:14 PDT"]
[Termination "sanbruh won by resignation"]

1. d4 d6 2. c4 Nf6 3. Nc3 g6 4. e4 Bg7 5. f3 O-O 6. Bg5 c5 7. d5 a6 8. a4 b6 9. Qd2 Re8 10.
h4 e6 11. h5 exd5 12. cxd5 Qc7 13. h6 Bh8 14. Qf4 Nbd7 15. Nh3 Nh5 16. Qd2 c4 17. Be2 Ng3 18. Rh2 Ne5 19. O-O-O Nxe2+ 20. Qxe2 Nd3+ 21. Kc2 b5 22. Nf4 b4 23. Nxd3 cxd3+ 24. Rxd3 bxc3 25. bxc3 Qc4 26. e5 Bxe5 0-1

[Event "Early-Titled-Tuesday-Blitz-July-09-2024"]
[Site "Chess.com"]
[Date "2024.07.09"]
[Round "4"]
[White "Viacheslav92"]
[Black "GMAkobianSTL"]
[Result "1-0"]
[WhiteElo "2585"]
[BlackElo "2813"]
[TimeControl "180+1"]
[EndTime "8:37:18 PDT"]
[Termination "Viacheslav92 won on time"]

1. d4 d5 2. Bg5 c5 3. dxc5 Nc6 4.
e4 d4 5. c3 Nf6 6. Bxf6 exf6 7.
Nf3 Bxc5 8. Bb5 dxc3 9. Qxd8+ Kxd8 10. Nxc3 Bb4 11. O-O-O+ Kc7 12. Nd5+ Kb8 13. Bxc6 bxc6 14.
Nxb4 Kc7 15. a3 Be6 16. Nd4 c5 17. Nxe6+ 1-0

[Event "Early-Titled-Tuesday-Blitz-July-09-2024"]
[Site "Chess.com"]
[Date "2024.07.09"]
[Round "4"]
[White "Bkmzzzzz"]
[Black "GMAneta"]
[Result "0-1"]
[WhiteElo "2424"]
[BlackElo "2637"]
[TimeControl "180+1"]
[EndTime "8:37:19 PDT"]
[Termination "GMAneta won by resignation"]

1. e4 c5 2. Nf3 Nc6 3. Bb5 Qc7 4. O-O Nf6 5. Re1 a6 6. Bxc6 Qxc6 7. Nc3 e6 8. d4 d5 9. Ne5 Qd6 10. exd5 Nxd5 11.
dxc5 Nxc3 12. cxd6 Nxd1 13. Rxd1 Bd7 14. Be3 f6 15.
Nxd7 Kxd7 16. Bb6 Kc6 17. Bc7 e5 18. Rd3 b5 19. Rad1 Kd7 20. Rc3 Rc8 21. Ra3 Ra8 22. f3 g6 23. Kf2 Bh6 24. Rc3 Rhe8 25. Ba5 Rac8 26. Rxc8 Rxc8 27. Bc7 Bf8 28. Rd3 Re8 29. Ke3 Re6 30. Ke4 Bxd6 31. Ba5 Kc6 32. Rc3+ Kd7 33. Kd5 Bb8 34. Bb4 f5 35. Re3 Rc6 36. c3 a5 37.
Bxa5 Rd6+ 38. Kxe5 Re6+ 39. Kd4 Ba7+ 0-1

[Event "Early-Titled-Tuesday-Blitz-July-09-2024"]
[Site "Chess.com"]
[Date "2024.07.09"]
[Round "4"]
[White "Andrei_Skvortsov"]
[Black "betta2004"]
[Result "1-0"]
[WhiteElo "2805"]
[BlackElo "2511"]
[TimeControl "180+1"]
[EndTime "8:37:20 PDT"]
[Termination "Andrei_Skvortsov won by resignation"]

1. g3 Nf6 2. Bg2 c6 3. e4 d6 4. d4 Nbd7 5. Nc3 e5 6. Nge2 Be7 7. a4 a5 8. O-O O-O 9. h3 Re8 10. g4 h6 11. Ng3 Nf8 12. Re1 Ng6 13. dxe5 dxe5 14.
Nf5 Bf8 15. Qxd8 Rxd8 16. g5 hxg5 17. Bxg5 Bc5 18. Rad1 Be6 19. Rxd8+ Rxd8 20. Ne3 Be7 21. Rd1 Rxd1+ 22. Ncxd1 Nd7 23. Bxe7 Nxe7 24. b3 f6 25.
Kf1 Nc5 26. Nb2 Ng6 27. Nbc4 Nf4 28. Nxa5 Bxh3 29. Bxh3 Nxh3 30. f3 Ng5 31. Kf2 Nge6 32. Nf5 Kf8 33. Nd6 Nd4 34. Ndxb7 Nxb7 35. Nxb7 Nxc2 36.
a5 Nb4 37. Nc5 Ke7 38. a6 Nxa6 39. Nxa6 Kd6 40. Ke3 c5 41. Kd3 g6 42. Kc4 f5 43.
Nxc5 fxe4 44. Nxe4+ 1-0

[Event "Early-Titled-Tuesday-Blitz-July-09-2024"]
[Site "Chess.com"]
[Date "2024.07.09"]
[Round "4"]
[White "MagnusCarlsen"]
[Black "ViIIagra"]
[Result "1-0"]
[WhiteElo "3180"]
[BlackElo "2874"]
[TimeControl "180+1"]
[EndTime "8:37:22 PDT"]
[Termination "MagnusCarlsen won by resignation"]

1. e4 c5 2. Nf3 d6 3. Bc4 Nf6 4. d3 e6 5. O-O Be7 6. Bb3 O-O 7. c3 Nc6 8. Re1 Qc7 9. d4 cxd4 10. cxd4 d5 11. e5 Ne4 12. Nc3 Nxc3 13. bxc3 Na5 14.
Bc2 Qxc3 15. Bd2 Qc7 16. Ng5 g6 17. Nxh7 Kxh7 18. Qh5+ Kg8 19. Bxg6 fxg6 20. Qxg6+ Kh8 21. Re3 Bh4 22. Rh3 Qh7 23. Qxh7+ Kxh7 24. Rxh4+ Kg6 25. Bxa5 Bd7 26. Bb4 Rfc8 27. Rg4+ Kf7 28. Rf4+ Kg7 29. h4 Rc4 30. Be7 Ba4 31. g4 Bc2 32. Kh2 Re8 33. Bf6+ Kg6 34. h5+ Kh6 35. Rg1 b5 36. g5+ Kh7 37. g6+ Kh6 38. Bg5+ 1-0

[Event "Early-Titled-Tuesday-Blitz-July-09-2024"]
[Site "Chess.com"]
[Date "2024.07.09"]
[Round "4"]
[White "Jospem"]
[Black "K_A_S_T_O_R"]
[Result "1-0"]
[WhiteElo "3113"]
[BlackElo "2863"]
[TimeControl "180+1"]
[EndTime "8:37:35 PDT"]
[Termination "Jospem won by resignation"]

1. e4 c5 2. Nf3 d6 3. c3 Nf6 4. h3 g6 5. Bd3 Bg7 6. Bc2 e5 7. O-O O-O 8. d4 exd4 9. cxd4 cxd4 10. Nxd4 Nc6 11. Nxc6 bxc6 12. Nc3 d5 13. Bg5 h6 14.
Be3 Be6 15. exd5 Nxd5 16. Nxd5 Bxd5 17. Bb3 Bxb3 18. Qxb3 Rb8 19. Qa4 Rxb2 20. Rac1 Qd5 21. a3 Qb5 22. Qxa7 Ra2 23. Bc5 Re8 24. Qd7 Ree2 25.
Rfd1 Qa6 26. Qd8+ Kh7 27. Qc7 Rac2 28. Qxf7 Rxc1 29. Rxc1 Qc8 30. Bd4 1-0

[Event "Early-Titled-Tuesday-Blitz-July-09-2024"]
[Site "Chess.com"]
[Date "2024.07.09"]
[Round "4"]
[White "Zhigalko_Sergei"]
[Black "Suleyman_Chess06"]
[Result "1-0"]
[WhiteElo "2935"]
[BlackElo "2742"]
[TimeControl "180+1"]
[EndTime "8:37:35 PDT"]
[Termination "Zhigalko_Sergei won by resignation"]

1. e4 e6 2. d4 d5 3. e5 c5 4.
c3 Nc6 5. Nf3 Qb6 6. a3 c4 7.
Nbd2 Na5 8. Be2 Bd7 9. O-O Ne7 10. Rb1 Nc8 11. b4 cxb3 12. c4 dxc4 13. Nxc4 Nxc4 14. Bxc4 Qc7 15. Bxb3 Nb6 16. Ng5 h6 17. Qh5 g6 18.
Qh3 Bg7 19. Ne4 O-O-O 20. Nd6+ Kb8 21. Nxf7 g5 22. Nxh8 Bxh8 23. Bxe6 Bxe6 24. Qxe6 Rxd4 25. Be3 Rd8 26. Bxb6 axb6 27. Qxb6 Bxe5 28. Qxc7+ Kxc7 29. Rfc1+ Kb8 30. Rd1 Bd4 31. Kf1 Kc7 32. Rbc1+ Kb6 33. Rc4 Bf6 34. Rxd8 Bxd8 35. a4 Be7 36. Re4 Bf8 37.
f4 gxf4 38. Rxf4 Be7 39. Re4 Bc5 40. g4 Ka5 41. h4 Bb4 42. g5 hxg5 43. hxg5 Bc3 44. g6 1-0

[Event "Early-Titled-Tuesday-Blitz-July-09-2024"]
[Site "Chess.com"]
[Date "2024.07.09"]
[Round "4"]
[White "tylityli"]
[Black "2KTNGO"]
[Result "0-1"]
[WhiteElo "2390"]
[BlackElo "2597"]
[TimeControl "180+1"]
[EndTime "8:37:37 PDT"]
[Termination "2KTNGO won by resignation"]

1. d4 Nf6 2. c4 Nc6 3. Nf3 e6 4.
a3 d6 5. Nc3 g6 6. e4 Bg7 7. h3 O-O 8. Be3 Re8 9. b4 e5 10.
d5 Nd4 11. Be2 Nxe2 12. Qxe2 Nh5 13. g3 a5 14. b5 f5 15. Bg5 Qd7 16. b6 h6 17. Bd2 Nf6 18. bxc7 Qxc7 19. Nb5 Qd8 20. Nc3 Nxe4 21. Nxe4 fxe4 22. Qxe4 Bf5 23. Qb1 Bxb1 0-1